 Dungeon Crawl Stone Soup version 0.27-a0-1188-g73eefd5def (webtiles) character file.

Game seed: 15646655787473033000

74 leviel the Chopper (level 4, -1/40 HPs)
             Began as a Hill Orc Monk on May 21, 2021.
             Slain by Sigmund
             ... wielding a +0 scythe
              (6 damage)
             ... on level 2 of the Dungeon on May 22, 2021.
             The game lasted 00:02:39 (2014 turns).

leviel the Chopper (Hill Orc Monk)                  Turns: 2014, Time: 00:02:40

Health: -1/40      AC:  6    Str: 14    XL:     4   Next: 28%
Magic:  4/4        EV: 11    Int: 10    God:
Gold:   78         SH:  0    Dex: 13    Spells: 3/3 levels left

rFire    . . .     SeeInvis .   a - +0 hand axe
rCold    . . .     Faith    .   (no shield)
rNeg     . . .     Spirit   .   o - +0 ring mail
rPois    .         Reflect  .   (no helmet)
rElec    .         Harm     .   (no cloak)
rCorr    .         Rampage  .   (no gloves)
Will     .....                  c - +0 pair of boots
Stlth    +.........             (no amulet)
HPRegen  0.13/turn              (no ring)
MPRegen  0.09/turn              (no ring)

@: on berserk cooldown, slowed, very slow
A: no striking features
a: no special abilities


You were on level 2 of the Dungeon.
You visited 1 branch of the dungeon, and saw 2 of its levels.

You collected 78 gold pieces.

Inventory:

Hand Weapons
 a - a +0 hand axe (weapon)
Armour
 c - a +0 pair of boots (worn)
 o - a +0 ring mail (worn)
Scrolls
 d - 2 scrolls of vulnerability {unknown}
 e - a scroll of acquirement {unknown}
 f - a scroll of enchant weapon {unknown}
 g - a scroll of summoning {unknown}
 h - a scroll of magic mapping {unknown}
 i - 3 scrolls of identify {unknown}
 k - 2 scrolls of noise {unknown}
 n - a scroll of silence {unknown}
Potions
 m - a potion of might {unknown}


   Skills:
 + Level 4.3 Fighting
 + Level 4.8 Axes
 + Level 3.0 Dodging
 + Level 2.1 Stealth


You had 3 spell levels left.
You didn't know any spells.
Your spell library was empty.

Dungeon Overview and Level Annotations

Branches:
Dungeon (2/15)

Altars:

Annotations:
D:2 Sigmund


Message History

You open the door.
Sigmund the Dreaded comes into view.
He is wielding a +0 scythe.
Sigmund shouts!
Sigmund closely misses you.
There is an open door here.
Sigmund is nearby!
Sigmund is nearby!
Sigmund casts a spell at you. The magic dart hits you!
It was a potion of curing.
You feel better. Sigmund hits you with a +0 scythe.
It was a potion of berserk rage.
A red film seems to cover your vision as you go berserk!
You feel yourself moving faster!
You feel mighty! Sigmund hits you with a +0 scythe!
You hit Sigmund but do no damage. Sigmund barely misses you.
You slash Sigmund!
Sigmund is moderately wounded.
You slash Sigmund!
Sigmund is severely wounded.
Sigmund casts a spell at himself.
Sigmund flickers and vanishes!
Deactivating autopickup; reactivate with Ctrl-A.
You hit something but do no damage.
You hear some strange, mumbled words.
You are confused.
Something hits you.
There is an open door here.
You bump into the stone wall.
You feel a strong urge to attack something.
You feel your anger nearly subside.
You are no longer berserk.
You are exhausted.
You feel yourself slow down. Something hits you.
There is an open door here.
Something hits you!
You're too confused to move!
You feel less confused. Something hits you!
* * * LOW HITPOINT WARNING * * *
Something hits you.
You die...

#..........# #######
#..........# #......
#.........÷# ##<.....
##........######....... #######
##...............####.# #.....#
#....#########.#### #.# #.....#
#....#.......#....# #.#
#.....###....#.......#....###.#
#..........(.#@.♣ #.....##.#
#.....###....'..+ #.........
#.....# ##...#..♣ #..####...
#.....# #....#....$ #.## ####
#.....# ##...#.......#.# #
####.## ###.#########.# # #.#
#...........# # #.#
##........### # #.#
#..........# #.


There were no monsters in sight!

Vanquished Creatures
  3 adders (D:2)
  2 dart slugs (D:2)
  4 endoplasms
  2 giant cockroaches (D:1)
  7 goblins
  3 hobgoblins
  3 jackals (D:1)
  2 quokkas (D:2)
  5 ball pythons
  4 bats
  A frilled lizard (D:2)
  2 kobolds (D:1)
  2 rats
40 creatures vanquished.

Notes
Turn   | Place    | Note
-------+----------+-------------------------------------------
     0 | D:1      | leviel the Hill Orc Monk began the quest for the Orb.
     0 | D:1      | Reached XP level 1. HP: 19/19 MP: 1/1
   124 | D:1      | Reached XP level 2. HP: 11/27 MP: 2/2
   836 | D:1      | Reached XP level 3. HP: 29/33 MP: 3/3
  1422 | D:2      | Reached XP level 4. HP: 40/40 MP: 4/4
  2001 | D:2      | Noticed Sigmund
  2014 | D:2      | Slain by Sigmund

Illustrated notes

Levels and vault maps discovered:
D:1:      dpeg_arrival_another_circle, layout_basic
D:2:      layout_rooms, hellmonk_ecumenical_altar_inner_sanctum, minmay_between,
          uniq_sigmund

Skill      XL: |  1  2  3 |
---------------+----------+-----
Fighting       | 4 |  4.3
Stealth        | 2 |  2.1
Dodging        | 3 |  3.0
Axes           | |  4.8

Action                   |  1- 3 |  4- 6 || total
-------------------------+-------+-------++-------
Melee: Hand axe          |   102 |    41 ||   143
  Use: Potion            |       |     2 ||     2
 Stab: Sleeping          |     5 |     1 ||     6
Armor: Robe              |    30 |    12 ||    42
Dodge: Dodged            |    89 |    23 ||   112

Table legend: (Time is in decaauts)
 A = Elapsed time spent in this place.
 B = Non-inter-level travel time spent in this place.
 C = Inter-level travel time spent in this place.
 D = Time resting spent in this place.
 E = Time spent auto-exploring this place.
 F = Levels seen in this place.
 G = Mean time per level.
                   A        B        C        D        E       F      G
               +--------+--------+--------+--------+--------+-----+--------+
         Total |   2024 |   1938 |     86 |    396 |   1229 |   2 | 1012.0 |
       Dungeon |   2024 |   1938 |     86 |    396 |   1229 |   2 | 1012.0 |
               +--------+--------+--------+--------+--------+-----+--------+

Top non-repeatable levels by time:
     D:1: 1103 daAuts
     D:2: 920 daAuts
